Map: Lerilak Crest

Players

Cham

  • Race: Zerg Zerg

State - Winner!

  • Race: Protoss Protoss
  • League: Master

VOD

https://youtu.be/qJ7w533Egfs

Description

Time

  • Played on: Feb. 1, 2016, 6:39 p.m.
  • Length: 8:33
Show
View Real Time Build Order
Export as new Build Order

Cham Zerg 

Build Orders: Hatch First 

Get SALT Encoding   

  12  0:01  Drone  
  13  0:08  Drone  
  14  0:18  Overlord  
  14  0:37  Drone x3  
  17  0:54  Hatchery  
  16  0:57  Drone  
  16  1:01  Drone  
  18  1:09  Extractor  
  17  1:18  Spawning Pool  
  17  1:20  Drone  
  17  1:23  Drone  
  18  1:31  Drone  
  19  1:43  Drone  
  20  1:53  Drone  
  21  2:07  Queen x2  
  25  2:09  Drone x2  
  25  2:10  Metabolic Boost  
  27  2:18  Overlord  
  27  2:20  Overlord  
  27  2:27  Zergling x2  
  28  2:37  Zergling x2  
  29  2:38  Zergling x2  
  29  2:39  Zergling x2  
  29  2:43  Queen  
  33  2:47  Drone  
  35  2:51  Drone  
  34  2:59  Hatchery  
  34  3:03  Zergling x4  
  31  3:14  Zergling x2  
  31  3:15  Zergling x2  
  31  3:16  Zergling x2  
  31  3:17  Drone x2  
  31  3:18  Drone  
  37  3:20  Drone  
  37  3:24  Drone x2  
  40  3:29  Overlord  
  40  3:32  Drone  
  41  3:40  Spore Crawler  
  40  3:45  Drone  
  40  3:46  Drone, Roach Warren  
  39  3:48  Drone  
  39  3:53  Drone x3  
  43  3:58  Drone x2  
  44  4:07  Drone x3  
  44  4:09  Extractor  
  43  4:11  Extractor  
  43  4:12  Overlord  
  42  4:20  Drone x3  
  45  4:27  Drone x2  
  45  4:28  Drone  
  45  4:29  Evolution Chamber  
  45  4:31  Drone  
  48  4:35  Lair  
  48  4:38  Overlord  
  48  4:42  Roach  
  48  4:43  Roach  
  52  4:46  Roach  
  52  4:48  Roach  
  52  4:51  Roach  
  58  4:53  Roach  
  58  4:56  Roach  
  58  4:59  Roach  
  64  5:04  Roach  
  66  5:07  Roach  
  57  5:23  Overlord x2  
  55  5:33  Drone  
  55  5:34  Drone x3  
  55  5:41  Drone  
  54  5:43  Drone  
  52  5:53  Drone x3  
  52  5:56  Drone  
  54  5:59  Drone x2  
  54  6:01  Drone  
  54  6:03  Drone  
  58  6:11  Drone x4  
  61  6:15  Spore Crawler  
  61  6:16  Spore Crawler  
  61  6:18  Drone x2  
  62  6:19  Drone  
  53  6:35  Queen x2  
  52  6:48  Roach x4  
  52  6:53  Roach  
  61  6:59  Roach  
  63  7:02  Roach  
  63  7:20  Zergling x2  
  63  7:21  Zergling x10  
  65  7:27  Zergling x4  
  67  7:36  Queen  
  67  7:45  Zergling x4  
  67  7:51  Zergling x2  
  67  7:53  Overlord x2  
  65  7:59  Overlord  
  65  8:02  Overlord  
  65  8:10  Ravager  
  65  8:12  Ravager x3  
  70  8:13  Ravager x2  
  70  8:14  Zergling x4  
  70  8:16  Zergling x2  
Show
View Real Time Build Order
Export as new Build Order

State Protoss - Winner!

Build Orders: Oracle Opening 

Get SALT Encoding   

  12  0:00  Probe (Chrono Boost)  
  13  0:11  Probe (Chrono Boost)  
  14  0:18  Pylon  
  14  0:22  Probe (Chrono Boost)  
  15  0:36  Probe (Chrono Boost)  
  15  0:37  Gateway  
  16  0:45  Assimilator  
  16  0:47  Probe (Chrono Boost)  
  17  0:58  Assimilator, Probe (Chrono Boost)  
  18  1:09  Gateway  
  18  1:10  Probe (Chrono Boost)  
  19  1:20  Probe (Chrono Boost)  
  20  1:27  Cybernetics Core  
  20  1:31  Probe (Chrono Boost)  
  21  1:42  Pylon, Probe (Chrono Boost)  
  22  1:53  Probe (Chrono Boost)  
  23  2:04  Adept x2  
  23  2:05  Warp Gate (Chrono Boost)  
  27  2:16  Stargate  
  27  2:36  Nexus  
  27  2:46  Pylon  
  27  2:47  Probe  
  28  3:00  Oracle (Chrono Boost)  
  31  3:06  Probe  
  32  3:17  Adept x2  
  32  3:18  Mothership Core  
  38  3:27  Pylon  
  38  3:41  Probe  
  38  3:45  Oracle (Chrono Boost)  
  42  3:48  Probe  
  42  3:53  Probe  
  44  3:59  Probe  
  45  4:05  Probe  
  45  4:07  Adept  
  45  4:08  Adept  
  45  4:09  Probe  
  53  4:19  Void Ray (Chrono Boost), Probe  
  53  4:21  Probe  
  56  4:27  Pylon  
  56  4:35  Adept x2  
  60  4:38  Probe  
  60  4:40  Probe  
  62  4:49  Probe  
  62  4:50  Pylon  
  62  4:52  Probe  
  64  4:59  Probe  
  64  5:04  Probe  
  66  5:10  Probe  
  64  5:16  Probe  
  64  5:20  Assimilator, Probe  
  65  5:24  Assimilator  
  62  5:28  Probe  
  62  5:29  Robotics Facility  
  62  5:31  Oracle (Chrono Boost), Probe  
  67  5:40  Probe  
  67  5:42  Probe  
  66  5:49  Twilight Council  
  65  5:52  Probe x2  
  65  5:53  Gateway  
  65  5:55  Gateway  
  65  5:56  Adept x2  
  65  6:03  Probe  
  65  6:04  Oracle (Chrono Boost)  
  65  6:05  Probe  
  65  6:09  Pylon  
  70  6:13  Probe  
  70  6:17  Probe  
  72  6:24  Probe  
  74  6:34  Stalker x2  
  74  6:37  Pylon x2  
  76  6:52  Pylon  
  76  6:54  Void Ray (Chrono Boost), Pylon  
  76  6:55  Immortal (Chrono Boost)  
  84  7:10  Probe x2  
  84  7:13  Stalker x4  
  86  7:32  Probe  
  86  7:33  Probe  
  88  7:38  Stalker x2  
  88  7:39  Stalker x2, Immortal (Chrono Boost)  
  100  7:53  Gateway  
  100  7:54  Gateway  
  100  8:08  Stalker x3  
  100  8:10  Stalker  
  108  8:15  Observer (Chrono Boost), Probe, Nexus  
  108  8:16  Pylon  
  108  8:18  Pylon  
  110  8:20  Pylon  
Tags
 
Add a new tag
Caveats
  • Supply blocks, unpowered buildings, or Contaminate may cause inaccurate times.
  • Supply counts are checked every 10 seconds.